 Dungeon Crawl Stone Soup version 0.27-a0-328-g7f782ed93a (webtiles) character file.

Game seed: 11016297759326417731

77 sahdkjhfkaj the Covered (level 4, 0/42 HPs)
             Began as a Deep Dwarf Fighter on Feb 12, 2021.
             Killed from afar by an orc wizard (8 damage)
             ... with a puff of flame
             ... on level 4 of the Dungeon.
             The game lasted 00:00:25 (317 turns).

sahdkjhfkaj the Covered (Deep Dwarf Fighter)         Turns: 317, Time: 00:00:25

Health: 0/42       AC:  7    Str: 20    XL:     4   Next: 13%
Magic:  4/4        EV:  7    Int:  9    God:
Gold:   47         SH:  0    Dex: 12    Spells: 3/3 levels left

rFire    . . .     SeeInvis .   a - +0 war axe
rCold    . . .     Faith    .   c - +0 kite shield
rNeg     . . .     Spirit   .   b - +0 scale mail
rPois    .         Reflect  .   (no helmet)
rElec    .         Harm     .   (no cloak)
rCorr    .         Rampage  .   (no gloves)
Will     .....                  (no boots)
Stlth    ..........             (no amulet)
HPRegen  0.00/turn              (no ring)
MPRegen  0.09/turn              (no ring)

@: confused, non-regenerating
A: damage resistance, heal wounds, sense surroundings 1, no regeneration
a: Heal Wounds


You were on level 4 of the Dungeon.
You visited 1 branch of the dungeon, and saw 4 of its levels.

You collected 47 gold pieces.

Inventory:

Hand Weapons
 a - a +0 war axe (weapon)
Armour
 b - a +0 scale mail (worn)
 c - a +0 kite shield (worn)
Jewellery
 i - an amulet of regeneration {unknown}
Scrolls
 f - 2 scrolls of identify {unknown}
 g - a scroll of fog {unknown}
Potions
 d - a potion of might
 e - a potion of cancellation {unknown}
 h - a potion of heal wounds {unknown}


   Skills:
 + Level 3.2 Fighting
 + Level 3.1 Axes
 + Level 3.9 Armour
 + Level 3.9 Shields


You had 3 spell levels left.
You didn't know any spells.
Your spell library was empty.

Dungeon Overview and Level Annotations

Branches:
Dungeon (4/15)
 Temple: D:4-7

Altars:
Hepliaklqana


Innate Abilities, Weirdness & Mutations

You are resistant to damage.
You can heal yourself by infusing magical energy.
You passively map a small area around you.
You do not regenerate.


Message History

Something hits you but does no damage.
The orc priest hits you with a +0 hand axe.
* * * LOW HITPOINT WARNING * * *
Something hits you but does no damage. You block the orc's attack.
Something hits you but does no damage.
You slash the orc priest!
You kill the orc priest!
You barely miss something. x2; You hit the orc.
You kill the orc!
Something hits you but does no damage.
You hear some strange, mumbled words.
You are confused.
The orc closely misses you. Something hits you.
Your Axes skill increases to level 3!
You have reached level 4!
You feel clever.
You are too confused!
Unknown command.
You bump into the rock wall.
Something hits you but does no damage. The orc hits you with a +0 dagger.
* * * LOW HITPOINT WARNING * * *
Something hits you.
Unknown command.
Something hits you.
* * * LOW HITPOINT WARNING * * *
Something hits you.
Items here: )) [[ ††.
Unknown command.
You barely miss something. You miss something. Something completely misses you.
Unknown command.
Something hits you. Something hits you but does no damage.
You bump into the rock wall.
You hear some strange, mumbled words.
A puff of flame appears from out of thin air!
The puff of flame hits you!
You die...

, * * * #. ##.*
, , ..### . *
#...# .. *
#.#.###
#.###.#...#
.#....[#@#.#####
..<...o{.......#
,
###..#.)...###.#
, #..#......##.#
, *..........#.#
* *
#.........#..#
#.#..........# ,
#.#..........# *
#........>...#


You could see an orc.

Vanquished Creatures
  An orc priest (D:4)
  An adder (D:3)
  2 oozes
  A worm (D:2)
  4 orcs (D:4)
  2 ball pythons (D:1)
  A bat (D:1)
  A giant cockroach (D:1)
  4 goblins
  2 hobgoblins (D:1)
  A frilled lizard (D:1)
  A kobold (D:1)
  A rat (D:1)
22 creatures vanquished.

Notes
Turn   | Place    | Note
-------+----------+-------------------------------------------
     0 | D:1      | sahdkjhfkaj the Deep Dwarf Fighter began the quest for the
                  | Orb.
     0 | D:1      | Reached XP level 1. HP: 20/20 MP: 1/1
    39 | D:1      | Reached XP level 2. HP: 25/27 MP: 2/2
   209 | D:2      | Reached XP level 3. HP: 28/34 MP: 3/3
   260 | D:4      | Found a hazy altar of Hepliaklqana.
   312 | D:4      | Reached XP level 4. HP: 12/42 MP: 4/4
   317 | D:4      | Killed from afar by an orc wizard

Illustrated notes

Levels and vault maps discovered:
D:1:      evilmike_arrival_plus, layout_basic, feat_on_display
D:2:      layout_basic, gammafunk_temple_overflow_forgotten,
          serial_corexii_hall, corexii_hall_statues_x, corexii_hall_statues_x,
          minmay_close_crescents
D:3:      layout_rooms, marbit_many_paths, zin_statuary
D:4:      layout_loops_ring, nzn_hepliaklqana_mist_gate, lightli_temple_of_fire,
          grunt_gozag_statues, nicolae_qazlal_style_of_elements,
          roderic_lattice_a

Skill      XL: |  1  2  3 |
---------------+----------+-----
Fighting       | 3 |  3.2
Axes           | 3 |  3.1
Armour         | |  3.9
Shields        | |  3.9

Action                   |  1- 3 |  4- 6 || total
-------------------------+-------+-------++-------
Melee: War axe           |    63 |     1 ||    64
 Abil: Heal Wounds       |     2 |       ||     2
Armor: Scale mail        |    57 |     2 ||    59
Dodge: Dodged            |    35 |     1 ||    36
Block: Kite shield       |    27 |       ||    27

Table legend: (Time is in decaauts)
 A = Elapsed time spent in this place.
 B = Non-inter-level travel time spent in this place.
 C = Inter-level travel time spent in this place.
 D = Time resting spent in this place.
 E = Time spent auto-exploring this place.
 F = Levels seen in this place.
 G = Mean time per level.
                   A        B        C        D        E       F      G
               +--------+--------+--------+--------+--------+-----+--------+
         Total |    354 |    325 |     29 |      0 |    173 |   4 |   88.5 |
       Dungeon |    354 |    325 |     29 |      0 |    173 |   4 |   88.5 |
               +--------+--------+--------+--------+--------+-----+--------+

Top non-repeatable levels by time:
     D:1: 149 daAuts
     D:2: 99 daAuts
     D:4: 93 daAuts
     D:3: 11 daAuts
